 Dungeon Crawl Stone Soup version 0.21.1-1-g345015fe64 (webtiles) character file.

35 Ivernyr the Charmwright (level 3, -2/28 HPs)
             Began as a Demonspawn Skald on Apr 25, 2018.
             Slain by an ooze (4 damage)
             ... on level 3 of the Dungeon.
             The game lasted 00:02:45 (1685 turns).

Ivernyr the Charmwright (Demonspawn Skald)          Turns: 1685, Time: 00:02:46

Health: -2/28      AC:  4    Str: 14    XL:     3   Next: 17%
Magic:  6/6        EV: 11    Int: 14    God:
Gold:   101        SH:  4    Dex: 13    Spells: 1/6 levels left

rFire    . . .     SeeInvis .   a - +0 falchion
rCold    . . .     Gourm    .   (no shield)
rNeg     . . .     Faith    .   b - +0 leather armour
rPois    .         Spirit   .   i - +0 helmet
rElec    .         Reflect  .   (no cloak)
rCorr    .         Harm     .   (no gloves)
MR       .....                  (no boots)
Stlth    +.........             (no amulet)
HPRegen  0.09/turn              o - ring of flight
MPRegen  0.10/turn              q - +3 ring of strength

@: heavily drained
A: large bone plates 1
a: Evoke Flight


You were on level 3 of the Dungeon.
You were not hungry.

You visited 1 branch of the dungeon, and saw 3 of its levels.

You collected 101 gold pieces.

Inventory:

Hand Weapons
 a - a +0 falchion (weapon)
Armour
 b - a +0 leather armour (worn)
 i - a +0 helmet (worn)
Jewellery
 o - a ring of flight (left hand)
 q - a +3 ring of strength (right hand)
Wands
 n - a wand of acid (5)
Scrolls
 f - a scroll of enchant weapon {unknown}
 g - 3 scrolls of teleportation {unknown}
 j - a scroll of enchant armour {unknown}
 k - a scroll of noise {unknown}
 l - 2 scrolls of blinking {unknown}
 m - 2 scrolls of identify {unknown}
Potions
 e - a potion of curing {unknown}
 h - a potion of lignification {unknown}
Books
 c - a book of Battle

   Spells                             Type                      Level
   a - Infusion                       Charms                       1
   b - Shroud of Golubria             Charms/Translocation         2
   c - Song of Slaying                Charms                       2
   d - Spectral Weapon                Hexes/Charms                 3
   e - Regeneration                   Charms/Necromancy            3
Comestibles
 d - 3 rations


   Skills:
 + Level 2.3(0.7) Fighting
 + Level 2.1(0.5) Long Blades
 * Level 1.9(0.3) Armour
 - Level 1.7(0.1) Dodging
 - Level 2.0(0.4) Spellcasting
 + Level 3.0(1.3) Charms


You had one spell level left.
You knew the following spells:

 Your Spells              Type           Power        Failure   Level  Hunger
a - Shroud of Golubria    Chrm/Tloc      #.........   38%         2    ###....
b - Song of Slaying       Chrm           #.......     30%         2    ###....
c - Infusion              Chrm           #...         21%         1    ##.....


Dungeon Overview and Level Annotations

Branches:
Dungeon (3/15)

Altars:


Innate Abilities, Weirdness & Mutations

You are partially covered in large bone plates. (SH +4)


Message History

Things that are here:
a dagger; a goblin corpse The orc hits you with a falchion.
You hit the orc but do no damage. The orc hits you with a falchion.
You hit the orc but do no damage. The orc hits you with a falchion.
You hit the orc but do no damage. The orc hits you with a falchion.
You closely miss the orc. The ooze hits you. You block the orc's attack.
You hit the orc but do no damage. You block the ooze's attack.
The orc closely misses you.
You riposte.
You closely miss the orc. The ooze closely misses you.
You completely miss the orc. The orc barely misses you.
You riposte.
You barely miss the orc. The ooze hits you but does no damage.
The orc hits you with a falchion.
* * * LOW HITPOINT WARNING * * *
You closely miss the orc. The ooze hits you.
* * * LOW HITPOINT WARNING * * *
The orc hits you with a falchion.
* * * LOW HITPOINT WARNING * * *
You barely miss the orc. The ooze hits you.
You die...

.# .. . >#
#. .#
.####.#
.....###
###......#
#...oJ# .#
#.<.@.# .#
#...)># .#
#.....# .#
#.....##.#
###......#
##...###
#.....
#...###
##.##


You could see an ooze and an orc.

Vanquished Creatures
  2 worms (D:2)
  A dart slug (D:1)
  2 giant cockroaches
  5 goblins
  A hobgoblin (D:1)
  2 jackals (D:2)
  5 bats
  4 frilled lizards
  4 kobolds
  2 rats
28 creatures vanquished.

Notes
Turn   | Place    | Note
-------+----------+-------------------------------------------
     0 | D:1      | Ivernyr the Demonspawn Skald began the quest for the Orb.
     0 | D:1      | Reached XP level 1. HP: 16/16 MP: 3/3
    19 | D:1      | Reached skill level 1 in Armour
   257 | D:1      | Gained mutation: You are partially covered in large bone plates. (SH +4) [demonic ancestry]
   257 | D:1      | Reached XP level 2. HP: 22/22 MP: 5/5
   435 | D:1      | Learned a level 2 spell: Song of Slaying
   438 | D:1      | Learned a level 2 spell: Shroud of Golubria
  1253 | D:2      | Reached XP level 3. HP: 22/28 MP: 1/6
  1660 | D:3      | Reached skill level 3 in Charms
  1685 | D:3      | Slain by an ooze

Skill      XL: |  1  2  3 |
---------------+----------+-----
Armour         | 1 |  1.9
Long Blades    | 2 |  2.1
Charms         | 3 |  3.0
Fighting       | |  2.3
Dodging        | |  1.7
Spellcasting   | |  2.0

Action                   || total
-------------------------++-------
Melee: Falchion          ||    97
 Cast: Shroud of Golubri ||     2
       Song of Slaying   ||     1
  Eat: Chunk             ||     3
Armor: Leather armour    ||    18
Dodge: Dodged            ||    54
Block: Other             ||    14
       Rpst.: Falchion   ||    19
